 Dungeon Crawl Stone Soup version 0.25.1-1-g288607f5aa (webtiles) character file.

Game seed: 12641761701955960213

78 DerDa the Magician (level 4, 0/30 HPs)
             Began as a Mummy Wizard on July 22, 2020.
             Slain by a gnoll
             ... wielding a +0 spear
              (9 damage)
             ... on level 2 of the Dungeon.
             The game lasted 00:07:29 (2423 turns).

DerDa the Magician (Mummy Wizard)                   Turns: 2423, Time: 00:07:29

Health: 0/30       AC:  2    Str: 10    XL:     4   Next: 15%
Magic:  3/11       EV: 12    Int: 18    God:
Gold:   139        SH:  0    Dex: 10    Spells: 5/13 levels left

rFire    x . .     SeeInvis .   h - +0 dagger (venom)
rCold    + . .     Gourm    .   (no shield)
rNeg     + + +     Faith    .   a - +0 robe
rPois    ∞         Spirit   .   b - +0 hat
rElec    .         Reflect  .   (no cloak)
rCorr    .         Harm     .   (no gloves)
MR       .....                  (no boots)
Stlth    ++........             (no amulet)
HPRegen  0.10/turn              (no ring)
MPRegen  0.12/turn              (no ring)

@: no status effects
A: no food or potions, fire vulnerability, cold resistance 1, negative energy
resistance 3, torment resistance, unbreathing
a: no special abilities


You were on level 2 of the Dungeon.
You were not hungry.

You visited 1 branch of the dungeon, and saw 2 of its levels.

You collected 139 gold pieces.

Inventory:

Hand Weapons
 c - a +0 dagger
 h - a +0 dagger of venom (weapon)
Missiles
 d - 38 sling bullets
Armour
 a - a +0 robe (worn)
 b - a +0 hat (worn)
Wands
 i - a wand of random effects (25)
Scrolls
 e - a scroll of amnesia {unknown}
 f - 2 scrolls of identify {unknown}
 g - a scroll of enchant weapon {unknown}
 j - a scroll of blinking {unknown}


   Skills:
 - Level 1.5 Dodging
 - Level 1.5 Stealth
 * Level 5.1 Spellcasting
 * Level 2.1 Conjurations
 - Level 0.7 Summonings
 - Level 0.7 Translocations
 + Level 0.5 Air Magic
 + Level 0.5 Poison Magic


You had 5 spell levels left.
You knew the following spells:

 Your Spells              Type           Power        Failure   Level  Hunger
a - Magic Dart            Conj           ##..         5%          1    N/A
b - Mephitic Cloud        Conj/Pois/Air  #.......     26%         3    N/A
c - Call Imp              Summ           #.......     14%         2    N/A
q - Blink                 Tloc           N/A          14%         2    N/A

Your spell library contained the following spells:

 Spells                   Type           Power        Failure   Level  Hunger
 Slow                     Hex            #.......     21%         2    N/A
 Conjure Flame            Conj/Fire      #.......     26%         3    N/A

Dungeon Overview and Level Annotations

Branches:
Dungeon (2/15)

Altars:
Elyvilon
Xom


Innate Abilities, Weirdness & Mutations

You do not eat or drink.
Your flesh is vulnerable to fire.
You are immune to poison.
Your flesh is cold resistant. (rC+)
You are immune to negative energy. (rN+++)
You are immune to unholy pain and torment.
You can survive without breathing.


Message History

The magic dart hits the gnoll but does no damage.
The gnoll is severely wounded.
The gnoll hits you from afar with a +0 spear.
* * * LOW HITPOINT WARNING * * *
Casting: Magic Dart (safe; 5% risk of failure)
Confirm with . or Enter, or press ? or * to list all spells.
Aiming: Magic Dart (safe; 5% risk of failure)
Press: ? - help, Shift-Dir - straight line, f/p - gnoll
Aim: a gnoll, wielding a +0 spear (severely wounded)
The magic dart hits the gnoll.
The gnoll is severely wounded.
Casting: Magic Dart (safe; 5% risk of failure)
Confirm with . or Enter, or press ? or * to list all spells.
Aiming: Magic Dart (safe; 5% risk of failure)
Press: ? - help, Shift-Dir - straight line, f/p - gnoll
Aim: a gnoll, wielding a +0 spear (severely wounded)
The magic dart hits the gnoll.
The gnoll is almost dead.
The gnoll hits you from afar with a +0 spear!
You die...

#.##.###.## #.##.##...######
#..............#
#..#.#....####.# ###......g.##
#g# .....#.#.### #.#
####.....# #g# ###.### #.# #.#
#@# #.# ##.##
###.########...###############
#.............................
#..#########...##############.
#..# ##.######### #. #..#
#.........# #. ####..#
#########.# #. ......# ##.##
#.


You could see 2 gnolls.

Vanquished Creatures
  An adder (D:2)
  A gnoll (D:2)
  2 oozes
  A dart slug (D:1)
  A leopard gecko (D:2)
  An orc (D:2)
  2 ball pythons (D:1)
  5 giant cockroaches
  6 goblins
  5 hobgoblins
  A quokka (D:2)
  6 bats
  2 frilled lizards
  8 kobolds
  3 rats
45 creatures vanquished.

Notes
Turn   | Place    | Note
-------+----------+-------------------------------------------
     0 | D:1      | DerDa the Mummy Wizard began the quest for the Orb.
     0 | D:1      | Reached XP level 1. HP: 13/13 MP: 5/5
    96 | D:1      | Reached skill level 1 in Conjurations
   246 | D:1      | Reached XP level 2. HP: 19/19 MP: 5/7
   932 | D:1      | Reached XP level 3. HP: 21/24 MP: 0/9
  1057 | D:1      | Learned a level 3 spell: Mephitic Cloud
  1060 | D:1      | Learned a level 2 spell: Call Imp
  1063 | D:1      | Learned a level 2 spell: Blink
  1801 | D:2      | Reached skill level 5 in Spellcasting
  1838 | D:2      | Found a faded altar of an unknown god.
  1935 | D:2      | Found a white marble altar of Elyvilon.
  2063 | D:2      | Found a shimmering altar of Xom.
  2252 | D:2      | Reached XP level 4. HP: 19/30 MP: 3/11
  2423 | D:2      | Slain by a gnoll

Illustrated notes

Levels and vault maps discovered:
D:1:      lemuel_arrival_lava_pool, layout_loops_cross, nrook_mini_vaults
D:2:      layout_loops_ring, xom_butterflies, elyvilon_altar_5,
          chequers_ecumenical_altar_simple

Skill      XL: |  1  2  3 |
---------------+----------+-----
Conjurations   | 1 2 |  2.1
Spellcasting   | 5 |  5.1
Dodging        | |  1.5
Stealth        | |  1.5
Summonings     | |  0.7
Translocations | |  0.7
Air Magic      | |  0.5
Poison Magic   | |  0.5

Action                   |  1- 3 |  4- 6 || total
-------------------------+-------+-------++-------
Melee: Dagger            |    10 |       ||    10
 Cast: Magic Dart        |   121 |    18 ||   139
Armor: Robe              |     2 |       ||     2
Dodge: Dodged            |    18 |     3 ||    21
